 Dungeon Crawl Stone Soup version 0.31-a0-1597-ge7908ec (webtiles) character file.

Game seed: 14855195279620192479

1 PidgeyThePirate the Ruffian (level 1, 19/19 HPs)
             Began as a Ghoul Monk on Jan 7, 2024.
             Was a Believer of Vehumet.
             Safely got out of the dungeon.
             The game lasted 00:00:28 (86 turns).

PidgeyThePirate the Ruffian (Ghoul Monk)              Turns: 86, Time: 00:00:28

Health: 19/19      AC:  2    Str: 14    XL:     1   Next: 20%
Magic:  1/1        EV: 12    Int:  9    God:    Vehumet [**....]
Gold:   0          SH:  0    Dex: 11    Spells: 0/0 levels left

rFire   . .          .
                       - Unarmed
rCold   + . .        c - orb {light}
rNeg    + + +        a - +0 robe
rPois   ∞            (no helmet)
rElec   .            (no cloak)
rCorr   .            (no gloves)
SInv    .            (no boots)
Will    .....        (no amulet)
Stlth   +            (no ring)
HPRegen 0.23/turn    (no ring)
MPRegen 0.07/turn

%: no passive effects
@: glowing
A: claws 1, cold resistance 1, negative energy resistance 3, inhibited
regeneration, torment resistance 2, devour on kill
a: Renounce Religion


You escaped.
You worshipped Vehumet.
Vehumet was pleased with you.
You visited 1 branch of the dungeon, and saw 1 of its levels.

Inventory:

Armour
 a - a +0 robe (worn)
 c - an orb of light (worn)
Scrolls
 d - a scroll of revelation {unknown}
Potions
 b - a potion of ambrosia


   Skills:
 + Level 3.3 Fighting
 + Level 2.7 Dodging
 + Level 3.3 Unarmed Combat


You couldn't memorise any spells.
You didn't know any spells.
Your spell library was empty.

Dungeon Overview and Level Annotations

Branches:
Dungeon (1/15)

Altars:
Vehumet


Innate Abilities, Weirdness & Mutations

You are immune to poison.
You have sharp fingernails.
Your flesh is cold resistant. (rC+)
You are immune to negative energy. (rN+++)
You do not regenerate when monsters are visible.
You are immune to unholy pain and torment.
You thrive by killing the living.


Message History

Welcome, PidgeyThePirate the Ghoul Monk.
Are you destined to find the glorious Orb of Zot, or to die trying?
Press ? for a list of commands and other information.
Found 7 stones.
Found a staircase leading out of the dungeon.
You see here 7 stones.
A goblin comes into view. It is wielding a +0 club.
The goblin shouts!
The goblin completely misses you. The goblin hits you with a +0 club.
You completely miss the goblin. You scratch the goblin.
You kill the goblin!
You feel better.
You see here a +0 club.
HP restored.
d - a scroll labelled LUNNIA UCETACH
Found a faded altar of an unknown god.
There is a faded altar of an unknown god here.
This altar belongs to (a) Ashenzari, (b) Nemelex Xobeh or (c) Vehumet, but you can't tell which.
Press the corresponding letter to learn more about a god, or press enter to convert or escape to cancel.
Vehumet accepts your prayer! Vehumet welcomes you!
You can now gain magical power from killing.
Vehumet offers you knowledge of Sting.
Okay, then.
You see here 7 stones.
There is a staircase leading out of the dungeon here.
You can't go down here!
There are no items here.
You can't go down here!
You have escaped!

....... ######. ##
## ########### ##.
###P#P#P#P#P####.#
#....(..........##
#@..PP........##.#
#.................
###P#P#P#P#P######
###########


There were no monsters in sight!

Vanquished Creatures
  A goblin (D:1)
1 creature vanquished.

Notes
Turn   | Place    | Note
-------+----------+-------------------------------------------
     0 | D:1      | PidgeyThePirate the Ghoul Monk began the quest for the Orb.
     0 | D:1      | Reached XP level 1. HP: 19/19 MP: 1/1
    49 | D:1      | Found a faded altar of an unknown god.
    53 | D:1      | Prayed at the altar of an unknown god.
    53 | D:1      | Became a worshipper of Vehumet
    53 | D:1      | Reached * piety under Vehumet
    53 | D:1      | Offered knowledge of Sting by Vehumet.
    53 | D:1      | Reached ** piety under Vehumet
    86 | D:$      | Safely got out of the dungeon.

Illustrated notes

Levels and vault maps discovered:
D:1:      minmay_arrival_plants_in_alcoves, layout_loops_ring, serial_bayou,
          serial_bayou_crossing, serial_bayou_ford_a, serial_bayou_shore_a,
          serial_bayou_pond_e, basic_ecumenical_altar, minmay_tripent

Action                     || total
---------------------------++-------
  Melee: Unarmed           ||     2
 Armour: Robe              ||     1
  Dodge: Dodged            ||     1

Table legend: (Time is in decaauts)
 A = Elapsed time spent in this place.
 B = Non-inter-level travel time spent in this place.
 C = Inter-level travel time spent in this place.
 D = Time resting spent in this place.
 E = Time spent auto-exploring this place.
 F = Levels seen in this place.
 G = Mean time per level.
                   A        B        C        D        E       F      G
               +--------+--------+--------+--------+--------+-----+--------+
         Total |     85 |     55 |     30 |      0 |     43 |   1 |   85.0 |
       Dungeon |     85 |     55 |     30 |      0 |     43 |   1 |   85.0 |
               +--------+--------+--------+--------+--------+-----+--------+

Top non-repeatable levels by time:
     D:1: 85 daAuts
